 Dungeon Crawl Stone Soup version 0.25.0-33-gff14898491 (console) character file.

Game seed: 4200525736771798796

10686 Colgate the Swashbuckler (level 11, -7/71 HPs)
             Began as a Halfling Berserker on July 6, 2020.
             Was an Elder of Trog.
             Mangled by a sixfirhy (9 damage)
             ... summoned by a kobold demonologist
             ... in a bailey.
             The game lasted 03:11:21 (12855 turns).

Colgate the Swashbuckler (Halfling Berserker)      Turns: 12855, Time: 03:11:21

Health: -7/71      AC:  7    Str: 21    XL:     11   Next: 97%
Magic:  11/11      EV: 14    Int:  5    God:    Trog [****..]
Gold:   245        SH:  8    Dex: 18    Spells: 10/10 levels left

rFire    . . .     SeeInvis .   K - +5 rapier (vorpal)
rCold    . . .     Gourm    .   r - +0 kite shield
rNeg     + . .     Faith    +   I - +0 leather armour {MR+}
rPois    .         Spirit   .   (no helmet)
rElec    .         Reflect  .   (no cloak)
rCorr    +         Harm     .   E - +0 pair of gloves
MR       +....                  D - +1 pair of boots "Wesma" {Str+3}
Stlth    +.........             B - amulet of faith
HPRegen  0.21/turn              X - ring of resist corrosion
MPRegen  0.12/turn              b - ring of positive energy

@: no status effects
A: small, mutation resistance 1
a: Berserk, Trog's Hand, Brothers in Arms, Renounce Religion


You were in a bailey.
You worshipped Trog.
Trog was greatly pleased with you.
You were not hungry.

You visited 1 branch of the dungeon, and saw 11 of its levels.
You also visited: Bailey.

You collected 585 gold pieces.
You spent 340 gold pieces at shops.

Inventory:

Hand Weapons
 o - a +1 dagger of venom
 u - a +0 hunting sling
 K - a +5 vorpal rapier (weapon)
 O - a +1 dagger of electrocution
Missiles
 p - 350 stones
 t - 11 poisoned darts (quivered)
 w - 65 sling bullets
 x - 14 boomerangs
Armour
 r - a +0 kite shield (worn)
 y - a +0 plate armour
 C - a +2 leather armour of fire resistance
 D - the +1 pair of boots "Wesma" (worn) {Str+3}
   (You bought it in a shop on level 7 of the Dungeon)

   It affects your strength (+3).
 E - a +0 pair of gloves (worn)
 I - a +0 leather armour of magic resistance (worn)
 L - a +0 chain mail
 Z - a +1 robe of cold resistance
Jewellery
 b - a ring of positive energy (right hand)
 B - an amulet of faith (around neck)
 G - an uncursed ring of ice
 R - an uncursed ring of flight
 X - a ring of resist corrosion (left hand)
Wands
 g - a wand of digging (6)
 F - a wand of polymorph (6)
 H - a wand of acid (2)
Scrolls
 d - 4 scrolls of remove curse
 f - a scroll of fog {unknown}
 h - 4 scrolls of magic mapping
 m - a scroll of immolation {unknown}
 n - 5 scrolls of teleportation
 q - 2 scrolls of enchant weapon
 J - a scroll of fear {unknown}
 M - 2 scrolls of blinking
Potions
 e - a potion of stabbing
 k - 5 potions of heal wounds
 s - 3 potions of curing
 v - a potion of lignification
 A - 2 potions of mutation
 S - 2 potions of haste
 T - a potion of flight
 W - 2 potions of brilliance
Comestibles
 c - 8 rations
 Y - 10 chunks of flesh


   Skills:
 - Level 5.0 Fighting
 + Level 18.2 Short Blades
 - Level 1.1 Slings
 - Level 6.0 Armour
 - Level 4.1 Dodging


You had 10 spell levels left.
You didn't know any spells.
Your spell library contained the following spells:

 Spells                   Type           Power        Failure   Level  Hunger
 Magic Dart               Conj           #...         99%         1    ##.....
 Shock                    Conj/Air       #...         99%         1    ##.....
 Searing Ray              Conj           #.....       100%        2    ###....
 Swiftness                Chrm/Air       #.......     100%        2    ###....
 Dazzling Flash           Conj/Hex       #.....       100%        3    ####...
 Static Discharge         Conj/Air       #.......     100%        3    ####...
 Airstrike                Air            #.........   100%        4    #####..
 Fulminant Prism          Conj/Hex       #.........   100%        4    #####..
 Iskenderun's Mystic Bla  Conj/Tloc      #.......     100%        4    #####..
 Irradiate                Conj/Tmut      #.........   100%        5    ######.
 Lightning Bolt           Conj/Air       #.........   100%        5    ######.
 Hydra Form               Tmut           #.........   100%        6    #######
 Statue Form              Tmut/Erth      #........    100%        6    #######
 Dragon Form              Tmut           #.........   100%        7    #######


Dungeon Overview and Level Annotations

Branches:
Dungeon (11/15)            Temple (0/1) D:5          Bailey (1/1)
   Lair: D:8-11         Orc: D:9-12

Altars:
Cheibriados
Nemelex Xobeh
Qazlal
Sif Muna
Trog

Shops:
D:7 :([   D:8 *   D:9 *


Innate Abilities, Weirdness & Mutations

You are small and have problems with some larger weapons.
You are somewhat resistant to further mutation.


Message History

You continue putting on your +0 leather armour of magic resistance.
The kobold demonologist closely misses you.
You continue putting on your +0 leather armour of magic resistance.
The sixfirhy hits you! The sixfirhy shocks you!
The sixfirhy hits you but does no damage.
The kobold demonologist misses you.
You finish putting on your +0 leather armour of magic resistance.
You feel resistant to hostile enchantments.
Press: ? - help, v - describe, . - travel
Here: a sixfirhy (summoned)
The floor.
K - a +5 vorpal rapier (weapon)
The sixfirhy hits you!
* * * LOW HITPOINT WARNING * * *
The sixfirhy shocks you!
* * * LOW HITPOINT WARNING * * *
The sixfirhy hits you.
* * * LOW HITPOINT WARNING * * *
The sixfirhy shocks you!
You die...

≈≈≈≈≈≈...≈≈≈≈≈≈≈≈≈
≈≈≈≈≈≈...≈≈≈≈≈≈≈≈≈
#≈≈≈≈...≈≈≈≈#####
#.....)))...#
#####')'#####
#..'...).+
#..'.....+
####..#..⌠..#
#.....#.....#
#.8...#.....#
#..3@.#######
#.8K###
#.33o.g....
#.8g.....o.
+..g...og_.
##+#...K.o.
####### ?.. ?..#


You could see a kobold demonologist, 3 sixfirhies and 2 goblins.

Vanquished Creatures
  Fannar (D:11)
  Erica (D:8)
  A two-headed ogre (D:9)
  An orc knight (Bailey)
  The ghost of Froggeryz the Cruncher, a novice MiGl of Okawaru (D:7)
  A komodo dragon (D:10)
  The ghost of ruda the Chopper, an amateur MiBe of Trog (D:4)
  Grinder (D:5)
  2 hippogriffs (D:8)
  Sigmund (D:5)
  Eustachio (D:4)
  6 yaks (D:9)
  A human (Bailey)
  A yak (shapeshifter) (D:10)
  Menkaure (D:5)
  The ghost of paps the Insei, an amateur OpTm (D:4)
  Edmund (D:6)
  A water moccasin (D:7)
  Duvessa (D:6)
  2 black bears (D:9)
  A phantom (D:5)
  5 orc warriors
  2 sky beasts (D:5)
  A centaur (D:5)
  2 ogres
  Blork the orc (D:5)
  9 bullfrogs
  Dowan (D:6)
  A water moccasin skeleton (D:9)
  A scorpion (D:4)
  10 killer bees
  8 wights
  8 howler monkeys (D:7)
  A centaur zombie (D:6)
  2 crimson imps
  7 quasits (D:7)
  A bullfrog zombie (D:7)
  3 hounds
  A jelly (D:5)
  7 orc priests
  A centaur skeleton (D:5)
  2 bullfrog skeletons
  Jessica (D:2)
  4 iguanas
  12 orc wizards
  9 worker ants
  A worker ant zombie (D:5)
  3 gnolls (D:3)
  9 adders
  A shadow imp (D:7)
  An adder skeleton (D:6)
  An adder zombie (D:5)
  4 worms
  2 leopard geckos
  42 orcs
  4 ball pythons
  6 bats
  5 giant cockroaches
  9 goblins
  4 hobgoblins
  2 jackals (D:2)
  3 quokkas
  9 frilled lizards
  A giant cockroach zombie (D:6)
  9 kobolds
  3 leopard gecko skeletons
  A quokka skeleton (D:6)
  9 rats
257 creatures vanquished.

Vanquished Creatures (collateral kills)
  An orc warrior (Bailey)
  An orc wizard (D:8)
  A gnoll (Bailey)
3 creatures vanquished.

Grand Total: 260 creatures vanquished

Notes
Turn   | Place    | Note
-------+----------+-------------------------------------------
     0 | D:1      | Colgate the Halfling Berserker began the quest for the Orb.
     0 | D:1      | Reached XP level 1. HP: 15/15 MP: 1/1
    48 | D:1      | You fall into a shaft and drop 1 floor!
    84 | D:2      | You fall into a shaft and drop 1 floor!
    98 | D:3      | Reached XP level 2. HP: 20/20 MP: 2/2
   123 | D:3      | Found a faded altar of an unknown god.
   239 | D:3      | Reached skill level 4 in Short Blades
   239 | D:3      | Reached XP level 3. HP: 24/25 MP: 3/3
  1178 | D:2      | Reached ** piety under Trog
  1235 | D:2      | Found a stormy altar of Qazlal.
  1352 | D:2      | Reached XP level 4. HP: 30/30 MP: 4/4
  1483 | D:2      | Reached skill level 5 in Short Blades
  1953 | D:2      | Noticed Jessica
  1957 | D:2      | Killed Jessica
  1957 | D:2      | Reached skill level 6 in Short Blades
  1957 | D:2      | Reached XP level 5. HP: 35/35 MP: 5/5
  3044 | D:4      | Noticed Eustachio
  3065 | D:4      | Killed Eustachio
  3065 | D:4      | Reached skill level 8 in Short Blades
  3065 | D:4      | Reached XP level 6. HP: 13/41 MP: 6/6
  3076 | D:4      | HP: 2/42 [iguana (8)]
  3238 | D:4      | Reached XP level 7. HP: 20/46 MP: 7/7
  3957 | D:4      | Found a runed translucent gate.
  3959 | D:4      | Found a runed translucent gate.
  3960 | D:4      | Found a runed translucent gate.
  3960 | D:4      | Noticed ruda's ghost (amateur MiBe)
  3960 | D:4      | Noticed paps's ghost (amateur OpTm)
  4002 | D:4      | Killed ruda's ghost
  4002 | D:4      | Reached skill level 9 in Short Blades
  4009 | D:4      | Killed paps's ghost
  4009 | D:4      | Reached XP level 8. HP: 17/54 MP: 8/8
  4248 | D:4      | Reached *** piety under Trog
  4290 | D:4      | Reached skill level 10 in Short Blades
  4555 | D:5      | Entered Level 5 of the Dungeon
  4654 | D:5      | Noticed Blork the orc
  4681 | D:5      | Killed Blork the orc
  4815 | D:5      | Noticed Menkaure
  4828 | D:5      | Killed Menkaure
  4828 | D:5      | Reached skill level 11 in Short Blades
  5096 | D:5      | Found a staircase to the Ecumenical Temple.
  5096 | D:5      | Noticed Sigmund
  5111 | D:5      | Killed Sigmund
  5111 | D:5      | Reached XP level 9. HP: 58/58 MP: 9/9
  5211 | D:5      | Found a snail-covered altar of Cheibriados.
  5318 | D:5      | Reached skill level 5 in Armour
  5615 | D:5      | Noticed Grinder
  5651 | D:5      | Killed Grinder
  5651 | D:5      | Reached skill level 12 in Short Blades
  5995 | D:6      | Reached **** piety under Trog
  6098 | D:6      | Noticed Duvessa
  6098 | D:6      | Noticed Dowan
  6119 | D:6      | Killed Duvessa
  6126 | D:6      | Killed Dowan
  6274 | D:6      | Reached skill level 13 in Short Blades
  6592 | D:6      | Noticed Edmund
  6611 | D:6      | Killed Edmund
  6611 | D:6      | Reached XP level 10. HP: 49/63 MP: 10/10
  7556 | D:7      | Found Imoajusopn's Armour Shoppe.
  7650 | D:7      | Reached skill level 14 in Short Blades
  7660 | D:7      | Reached ***** piety under Trog
  7660 | D:7      | Reached skill level 1 in Slings
  7721 | D:7      | Found Dico's Weapon Emporium.
  7724 | D:7      | Bought the +1 pair of boots "Wesma" {Str+3} for 250 gold
                  | pieces
  7921 | D:7      | Received a gift from Trog
  8092 | D:7      | Found Liuseaq's Weapon Shoppe.
  8164 | D:7      | Found Sani Mul's Book Boutique.
  8200 | D:7      | Found a transporter.
  8201 | D:7      | Noticed Froggeryz's ghost (novice MiGl)
  8321 | D:7      | Found a transporter.
  8360 | D:7      | Killed Froggeryz's ghost
  8360 | D:7      | Reached skill level 15 in Short Blades
  9555 | D:8      | Found Tuozym's General Store.
  9589 | D:8      | Bought a scroll of blinking for 90 gold pieces
  9948 | D:8      | Noticed Erica
  9961 | D:8      | Killed Erica
  9961 | D:8      | Reached skill level 16 in Short Blades
  9961 | D:8      | Reached XP level 11. HP: 41/69 MP: 11/11
 10629 | D:9      | Reached skill level 5 in Fighting
 10819 | D:9      | Noticed a two-headed ogre
 10872 | D:9      | Killed a two-headed ogre
 11198 | D:9      | Found a sparkling altar of Nemelex Xobeh.
 11486 | D:9      | Reached skill level 17 in Short Blades
 11666 | D:9      | Found Bepne's General Store.
 11949 | D:9      | Found a shimmering blue altar of Sif Muna.
 11987 | D:10     | Entered Level 10 of the Dungeon
 12241 | D:11     | Noticed Fannar
 12322 | D:11     | Killed Fannar
 12682 | D:11     | Found a flagged portal.
 12691 | Bailey   | Entered a bailey
 12768 | Bailey   | Reached skill level 18 in Short Blades
 12791 | Bailey   | Noticed an orc knight
 12806 | Bailey   | Killed an orc knight
 12843 | Bailey   | Found an iron altar of Okawaru.
 12843 | Bailey   | Noticed an orc sorcerer
 12849 | Bailey   | Noticed a sixfirhy
 12850 | Bailey   | Noticed a sixfirhy
 12853 | Bailey   | Noticed a sixfirhy
 12855 | Bailey   | HP: 2/71 [sixfirhy[a kobold demonologist] (4)]
 12855 | Bailey   | Mangled by a sixfirhy

Illustrated notes

Levels and vault maps discovered:
D:1:      onia_arrival_mini_maze_b, layout_basic, solitary_fountain
D:2:      layout_rooms, nicolae_qazlal_eye_of_the_storm, uniq_jessica
D:3:      layout_loops_corners, chequers_ecumenical_altar_simple_redux
D:4:      minmay_clustersquares, layout_loops_ring, first_ration,
          gammafunk_ghost_cemetery, chequers_serial_rivers_room_b,
          uniq_eustachio
D:5:      layout_loops_ring, minmay_temple_entry_proselytizer, basic_altar,
          uniq_menkaure, uniq_blork_the_orc, uniq_sigmund, uniq_grinder
D:6:      layout_basic, uniq_edmund, uniq_duvessa
D:7:      layout_basic, serial_shops, shop_coins, nicolae_shop_behind_doors,
          kennysheep_mini, shop_fountains, gammafunk_ghost_stat_death
D:8:      layout_gridville, serial_shops, shop, uniq_erica
D:9:      layout_layer_cave, led_sif_pool, serial_shops, shop,
          nemelex_spade_bored_becter
D:10:     minmay_the_grid_triangle_9x9_recursive_2_mashed
          [minmay_the_grid_triangle_9x9_prize_special,
          minmay_the_grid_triangle_9x9_limited_checkers,
          minmay_the_grid_triangle_9x9_semitri,
          minmay_the_grid_triangle_9x9_swiss_cheese], layout_irregular_city,
          trog_ov_bears_minmay
D:11:     layout_basic, dpeg_lair_monsters, enter_bailey_2, uniq_fannar
Bailey:   bailey_axe_of_yendor_kennysheep, bailey

Skill      XL: |  1  2  3  4  5  6  7  8  9 10 11 |
---------------+----------------------------------+-----
Armour         | 3 4 6 |  6.0
Short Blades   | 4 6 8 9 11 13 16 18 | 18.2
Fighting       | 3 4 5 |  5.0
Dodging        | 4 |  4.1
Slings         | 1 |  1.1

Action                   |  1- 3 |  4- 6 |  7- 9 | 10-12 || total
-------------------------+-------+-------+-------+-------++-------
Melee: Short sword       |    92 |       |       |       ||    92
       Rapier            |     5 |    65 |    87 |   293 ||   450
       Dagger            |       |    38 |   170 |    94 ||   302
       Scimitar          |       |       |       |    17 ||    17
 Fire: Hunting sling     |       |     3 |    78 |   117 ||   198
Throw: Stone             |     4 |    43 |     1 |     2 ||    50
       Dart              |       |     5 |    15 |    53 ||    73
       Boomerang         |       |       |    13 |     6 ||    19
Invok: Berserk           |     4 |     4 |     7 |     8 ||    23
       Trog's Hand       |       |     3 |     1 |     3 ||     7
       Brothers in Arms  |       |       |       |     5 ||     5
Evoke: Wand              |       |       |       |    10 ||    10
  Use: Potion            |       |     4 |       |       ||     4
       Scroll            |       |       |       |    13 ||    13
 Stab: Sleeping          |     1 |       |       |     1 ||     2
  Eat: Chunk             |     4 |    12 |    13 |    21 ||    50
       Ration            |       |       |     1 |     3 ||     4
Armor: Leather armour    |     8 |    23 |    18 |    25 ||    74
       Ring mail         |       |       |     8 |       ||     8
       Skin              |       |       |       |    17 ||    17
       Plate armour      |       |       |       |     9 ||     9
Dodge: Dodged            |    44 |    98 |    98 |   144 ||   384
Block: Kite shield       |       |       |       |   117 ||   117
       Rpst.: Scimitar   |       |       |       |     3 ||     3
